 Dungeon Crawl Stone Soup version 0.31-a0-949-g57150269e1 (webtiles) character file.

Game seed: 18050739375979596247

43213 sammy202020 the Fighter (level 14, -2/95 HPs)
             Began as a Gargoyle Berserker on Oct 22, 2023.
             Was a High Priest of Trog.
             Shot with an arrow by a deep elf archer (5 damage)
             ... on level 14 of the Dungeon.
             The game lasted 00:30:44 (13956 turns).

sammy202020 the Fighter (Gargoyle Berserker)       Turns: 13956, Time: 00:30:44

Health: -2/95      AC: 41    Str: 23    XL:     14   Next: 23%
Magic:  20/23      EV: 11    Int:  9    God:    Trog [*****.]
Gold:   597        SH:  6    Dex: 11    Spells: 13/13 levels left

rFire   + + .        I - +1 demon whip (venom)
rCold   + . .        L - +0 buckler
rNeg    + . .        B - +7 chain mail of the Solstice {rC+ MP+9 Stlth-}
rPois   ∞            s - +0 helmet
rElec   +            N - +2 cloak {rPois}
rCorr   .            a - +1 pair of gloves {infuse}
SInv    +            C - +2 pair of boots
Will    +....        g - amulet of regeneration Stlth
                     u - +4 ring of slaying
HPRegen 1.15/turn    p - ring of protection from fire
MPRegen 0.18/turn

%: clarity, infuse magic (1 MP)
@: flying, slowed, studying Air Magic, very slow
A: sickness immunity, AC +10, big wings, negative energy resistance 1,
electricity resistance, torment resistance 1, petrification resistance, see
invisible, clarity, fire resistance 1
a: Renounce Religion, Berserk, Trog's Hand, Brothers in Arms


You were on level 14 of the Dungeon.
You worshipped Trog.
Trog was extremely pleased with you.
You visited 1 branch of the dungeon, and saw 14 of its levels.
You also visited: Bailey.

You collected 817 gold pieces.
You spent 220 gold pieces at shops.

Inventory:

Hand Weapons
 w - a +4 mace
 x - a +8 flail of protection
 I - a +1 demon whip of venom (weapon)
Missiles
 O - 4 throwing nets
Armour
 a - a +1 pair of gloves of infusion (worn)
 s - a +0 helmet (worn)
 y - a +0 plate armour
 B - the +7 chain mail of the Solstice (worn) {rC+ MP+9 Stlth-}
   (You found it in a bailey)

   rC+:       It protects you from cold.
   MP+9:      It affects your magic capacity (+9).
   Stlth-:    It makes you less stealthy.
 C - a +2 pair of boots (worn)
 L - a +0 buckler (worn)
 N - a +2 cloak of poison resistance (worn)
Jewellery
 d - a ring of resist corrosion
 g - an amulet of regeneration (around neck)
 p - a ring of protection from fire (right hand)
 t - a ring of ice
 u - a +4 ring of slaying (left hand)
 J - an amulet of the acrobat
 M - a ring of magical power
 Q - a ring of protection from fire
 R - a ring of positive energy
Wands
 m - a wand of light (4)
 E - a wand of roots (11)
 H - a wand of flame (20)
Scrolls
 e - 3 scrolls of teleportation
 j - a scroll of fog
 l - 3 scrolls of fear
 q - 2 scrolls of immolation
 F - a scroll of poison
 P - 2 scrolls of blinking
 S - a scroll of enchant weapon
 T - a scroll of identify
Potions
 b - a potion of invisibility
 c - 2 potions of ambrosia
 f - 4 potions of enlightenment
 h - 5 potions of attraction
 i - 2 potions of heal wounds
 k - 2 potions of brilliance
 n - 3 potions of resistance
 o - 3 potions of curing
 r - a potion of might {unknown}
 v - 4 potions of magic
 z - 3 potions of berserk rage
 A - 2 potions of haste {unknown}
 D - 2 potions of cancellation {unknown}
 G - a potion of mutation
 K - a potion of lignification {unknown}


   Skills:
 * Level 13.9 Fighting
 * Level 12.7 Maces & Flails
 * Level 13.6 Armour
 + Level 7.8 Dodging
 * Level 8.8 Shields


You had 13 spell levels left.
You didn't know any spells.
Your spell library was empty.

Dungeon Overview and Level Annotations

Branches:
Dungeon (14/15)            Temple (0/1) D:5            Lair (0/5) D:11
    Orc (0/2) D:9          Bailey (visited)
 Vaults: D:13-14

Altars:
Ashenzari
Kikubaaqudgha
Nemelex Xobeh
Okawaru
Ru
Sif Muna
Wu Jian
Yredelemnul

Shops:
D:1 (   D:6 *   D:7 ?[   D:14 (


Innate Abilities, Weirdness & Mutations

You are immune to sickness and miasma.
Your stone body is resilient. (AC +10)
You are immune to poison.
Your large and strong wings let you fly.
You resist negative energy. (rN+)
You are resistant to electric shocks. (rElec)
You are resistant to unholy torment.
You are immune to petrification.
You have supernaturally acute eyesight. (SInv)
You possess an exceptional clarity of mind.
Your flesh is heat resistant. (rF+)


Message History

The deep elf knight unwields a +0 long sword.
The deep elf knight wields a +0 shortbow.
The deep elf knight shoots an arrow.
The arrow hits you but does no damage.
The deep elf archer unwields a +0 short sword.
The deep elf archer wields a +0 shortbow.
The deep elf archer shoots an arrow.
The arrow hits you!
* * * LOW HITPOINT WARNING * * *
The deep elf archer shoots an arrow.
The arrow barely misses you.
The deep elf archer shoots an arrow.
The arrow hits you but does no damage.
The centaur warrior shoots an arrow.
The arrow hits you but does no damage.
The deep elf knight casts a spell.
The deep elf knight seems to speed up.
The deep elf archer shoots an arrow.
The arrow hits you but does no damage.
The deep elf archer mumbles some strange words.
The deep elf archer blinks!
Your ogre goes berserk!
The centaur warrior shoots an arrow.
The arrow hits you.
* * * LOW HITPOINT WARNING * * *
The deep elf archer shoots an arrow.
The arrow hits you but does no damage.
The deep elf knight casts a spell.
The deep elf knight flickers and vanishes for a moment.
The deep elf knight mumbles some strange words.
The deep elf knight seems to speed up.
The vault guard completely misses you.
The centaur warrior shoots an arrow.
The arrow hits you.
* * * LOW HITPOINT WARNING * * *
The deep elf archer shoots an arrow.
You block the arrow.
The deep elf archer gestures at you while chanting.
You feel as though you will be slow longer.
The deep elf archer shoots an arrow.
The arrow hits you!
* * * LOW HITPOINT WARNING * * *
The deep elf knight points at you and mumbles some strange words.
The shard of ice hits your ogre!!!
Your ogre dies!
Your ogre's corpse disappears in a puff of smoke!
The deep elf archer gestures at you while chanting.
The deep elf knight resists with almost no effort.
The deep elf knight gestures wildly while chanting.
The deep elf knight flickers and vanishes for a moment.
The deep elf archer shoots an arrow.
The arrow hits you.
You die...

.. ##.~≈≈#..
..###########.~≈≈≈...
..............c≈≈≈e.
#............~≈≈≈#
#............~e≈≈# .
#.............~~§#####...
#................e..Q.*..
##.....)........@e'o.3#
.................p'33.....
...............~~~#####...
.....########.~≈≈≈# .
.....########.~≈≈≈####
..............~≈≈≈ep.
..............~≈≈≈p..
..(............~≈≈#..
................~≈#


You could see a vault guard, a soul eater (summoned), a centaur warrior, 3 deep
elf archers, 2 deep elf knights, a human, a neqoxec (summoned), a ynoxinul
(summoned), an orc sorcerer, a tengu conjurer and a battlesphere (distracted).

Vanquished Creatures
  Rupert (D:13)
  2 storm dragons (D:12)
  A vampire knight (D:12)
  Harold (D:10)
  2 hydras
  3 centaur warriors (D:13)
  4 boulder beetles
  7 two-headed ogres
  A shock serpent (D:14)
  An orc high priest (Bailey)
  Amaemon (D:9)
  A fire crab (D:12)
  3 sixfirhies (D:14)
  A skeletal warrior (D:12)
  2 deep elf pyromancers (D:12)
  2 oklob plants (D:11)
  7 ugly things
  An orc sorcerer (Bailey)
  4 cyclopes
  2 manticores
  An orange demon (D:9)
  Maurice (D:10)
  3 gargoyles
  4 unseen horrors
  4 kobold demonologists
  A yaktaur (D:12)
  3 meliai (D:14)
  5 trolls
  3 raiju (D:14)
  5 slime creatures
  4 shadows
  17 yaks
  Sigmund (D:7)
  A wyvern (D:10)
  A basilisk (D:12)
  4 vampire mosquitoes (D:12)
  Edmund (D:7)
  Menkaure (D:7)
  A warg (D:9)
  5 acid dragons
  4 water moccasins
  15 orc warriors
  3 sky beasts
  A black bear (D:5)
  8 centaurs
  An ogre (D:9)
  A phantom (D:6)
  3 kobold brigands
  2 bullfrogs
  4 scorpions
  4 wights (D:7)
  9 killer bees (D:9)
  5 electric eels (Bailey)
  6 howler monkeys
  3 orc priests
  6 hounds (D:5)
  An iguana (D:6)
  2 sleepcaps
  12 orc wizards
  5 gnolls
  8 adders
  2 shadow imps
  2 white imps (D:5)
  4 ufetubi (D:6)
  A dart slug (D:1)
  45 orcs
  3 bats
  8 endoplasms
  A giant cockroach (D:1)
  11 goblins
  9 hobgoblins
  8 quokkas
  8 ball pythons
  A frilled lizard (D:1)
  10 kobolds
  2 rats
331 creatures vanquished.

Notes
Turn   | Place    | Note
-------+----------+-------------------------------------------
     0 | D:1      | sammy202020 the Gargoyle Berserker began the quest for the
                  | Orb.
     0 | D:1      | Reached XP level 1. HP: 14/14 MP: 1/1
    87 | D:1      | Reached XP level 2. HP: 16/19 MP: 2/2
   101 | D:1      | Found Sichis's Weapon Emporium.
   595 | D:2      | Reached XP level 3. HP: 23/23 MP: 3/3
   706 | D:2      | Reached ** piety under Trog
  1226 | D:3      | Reached XP level 4. HP: 29/29 MP: 4/4
  1754 | D:4      | Found a sacrificial altar of Ru.
  1755 | D:4      | Found a sparkling altar of Nemelex Xobeh.
  1818 | D:4      | Found a shimmering blue altar of Sif Muna.
  1819 | D:4      | Found an ornate altar of the Wu Jian Council.
  1819 | D:4      | Found an iron altar of Okawaru.
  1820 | D:4      | Found a broken altar of Ashenzari.
  1867 | D:4      | Found an ancient bone altar of Kikubaaqudgha.
  1872 | D:4      | Noticed a scorpion
  1883 | D:4      | Killed a scorpion
  1884 | D:4      | Reached XP level 5. HP: 34/34 MP: 5/5
  1959 | D:5      | Entered Level 5 of the Dungeon
  2232 | D:5      | Noticed a black bear
  2242 | D:5      | Killed a black bear
  2243 | D:5      | Reached XP level 6. HP: 23/40 MP: 6/6
  2356 | D:5      | Noticed a water moccasin
  2357 | D:5      | Found a staircase to the Ecumenical Temple.
  2373 | D:5      | Reached skill level 5 in Fighting
  2413 | D:5      | Killed a water moccasin
  2414 | D:5      | Reached XP level 7. HP: 40/44 MP: 7/7
  2446 | D:5      | Identified the +8 trident of Hepliaklqana's Favour {flame,
                  | rC- rN+ Will+}
  2606 | D:5      | Noticed a yak
  2644 | D:5      | Killed a yak
  2645 | D:5      | Reached skill level 5 in Maces & Flails
  2645 | D:5      | Reached skill level 5 in Armour
  2721 | D:5      | Gained mutation: Your flesh is heat resistant. (rF+)
                  | [potion of mutation]
  2721 | D:5      | Gained mutation: You have supernaturally acute eyesight.
                  | (SInv) [potion of mutation]
  2721 | D:5      | Gained mutation: You possess an exceptional clarity of
                  | mind. [potion of mutation]
  2885 | D:6      | Reached XP level 8. HP: 51/51 MP: 8/8
  3102 | D:6      | Found Baalurog's Mail-Order Catalogue.
  3440 | D:7      | Reached *** piety under Trog
  3463 | D:7      | Noticed Menkaure
  3472 | D:7      | Killed Menkaure
  3653 | D:7      | Reached XP level 9. HP: 57/57 MP: 9/9
  3788 | D:7      | Found a basalt altar of Yredelemnul.
  3860 | D:7      | Found a flagged portal.
  3972 | Bailey   | Entered a bailey
  4076 | Bailey   | Noticed an orc sorcerer
  4080 | Bailey   | Noticed an orange demon
  4088 | Bailey   | Killed an orc sorcerer
  4098 | Bailey   | HP: 1/60 [orc warrior/+0 war axe (12)]
  4219 | Bailey   | Reached XP level 10. HP: 65/65 MP: 10/10
  4415 | Bailey   | Found an iron altar of Okawaru.
  4415 | Bailey   | Noticed an orc high priest
  4427 | Bailey   | Killed an orc high priest
  4474 | Bailey   | Identified the +7 chain mail of the Solstice {rC+ MP+9
                  | Stlth-}
  4783 | Bailey   | Acquired a +0 pair of gloves of infusion
  4932 | D:7      | Found a transporter.
  4937 | D:7      | Found Ygezij's Armour Shoppe.
  4961 | D:7      | Found a transporter.
  4993 | D:7      | Bought a +0 helmet for 58 gold pieces
  5079 | D:7      | Found Luekowor's Magic Scroll Shoppe.
  5082 | D:7      | Bought a scroll of enchant armour for 90 gold pieces
  5082 | D:7      | Bought 3 scrolls of identify for 72 gold pieces
  5138 | D:7      | Noticed Edmund
  5157 | D:7      | Killed Edmund
  5158 | D:7      | Reached skill level 5 in Dodging
  5229 | D:7      | Noticed Sigmund
  5231 | D:7      | Killed Sigmund
  5579 | D:8      | Reached **** piety under Trog
  5958 | D:8      | Noticed a two-headed ogre
  5965 | D:8      | Killed a two-headed ogre
  5966 | D:8      | Reached skill level 10 in Fighting
  6630 | D:9      | Noticed an orange demon
  6631 | D:9      | Noticed Amaemon
  6635 | D:9      | Reached XP level 11. HP: 71/72 MP: 11/11
  6670 | D:9      | Reached skill level 10 in Armour
  6699 | D:9      | Killed Amaemon
  7319 | D:9      | Found a staircase to the Orcish Mines.
  7473 | D:9      | Noticed a two-headed ogre
  7480 | D:9      | Killed a two-headed ogre
  7992 | D:10     | Entered Level 10 of the Dungeon
  8050 | D:10     | Reached skill level 10 in Maces & Flails
  8216 | D:10     | Noticed Maurice
  8229 | D:10     | Noticed a two-headed ogre
  8231 | D:10     | Maurice stole a +8 flail of protection
  8232 | D:10     | Maurice stole a ring of magical power
  8237 | D:10     | Killed Maurice
  8246 | D:10     | Killed a two-headed ogre
  8247 | D:10     | Reached skill level 1 in Shields
  8443 | D:10     | Noticed a cyclops
  8454 | D:10     | Killed a cyclops
  8601 | D:10     | Noticed Harold
  8616 | D:10     | Killed Harold
  8862 | D:11     | Found a transporter.
  8891 | D:11     | Found a transporter.
  8936 | D:12     | Noticed a deep elf pyromancer
  8939 | D:12     | Noticed a skeletal warrior
  8949 | D:12     | Killed a skeletal warrior
  8949 | D:12     | Reached ***** piety under Trog
  8950 | D:12     | Reached XP level 12. HP: 80/80 MP: 12/12
  9228 | D:11     | Noticed a two-headed ogre
  9240 | D:11     | Killed a two-headed ogre
  9365 | D:11     | Noticed a boulder beetle
  9384 | D:11     | Killed a boulder beetle
  9424 | D:11     | Received a gift from Trog
  9550 | D:11     | Found a staircase to the Lair.
 10587 | D:11     | Reached skill level 5 in Shields
 10916 | D:12     | Noticed a two-headed ogre
 10918 | D:12     | Noticed a two-headed ogre
 10926 | D:12     | Killed a two-headed ogre
 10939 | D:12     | Killed a two-headed ogre
 11099 | D:12     | Noticed a soul eater
 11100 | D:12     | Noticed a boulder beetle
 11101 | D:12     | Noticed a two-headed ogre
 11122 | D:12     | Killed a two-headed ogre
 11131 | D:12     | Killed a boulder beetle
 11259 | D:12     | Noticed a storm dragon
 11278 | D:12     | Killed a storm dragon
 11279 | D:12     | Reached XP level 13. HP: 49/87 MP: 11/13
 11285 | D:12     | Noticed a vampire knight
 11315 | D:12     | Paralysed by a vampire knight for 4 turns
 11510 | D:12     | Paralysed by a vampire knight for 3 turns
 11516 | D:12     | Killed a vampire knight
 11572 | D:12     | Noticed a storm dragon
 11592 | D:12     | Killed a storm dragon
 12565 | D:13     | Noticed Rupert
 12575 | D:13     | Killed Rupert
 13470 | D:14     | Found Owoharam's Weapon Emporium.
 13501 | D:14     | Gained mutation: Your large and strong wings let you fly.
                  | [Gargoyle growth]
 13501 | D:14     | Reached XP level 14. HP: 69/95 MP: 14/14
 13955 | D:14     | HP: 2/95 [deep elf archer/arrow (14)]
 13956 | D:14     | Shot with an arrow by a deep elf archer

Illustrated notes

Levels and vault maps discovered:
D:1:      roderic_octagonal_star, layout_rooms, serial_shops, shop
D:2:      layout_loops_ring
D:3:      layout_rooms
D:4:      layout_rooms, gammafunk_temple_overflow_pools,
          chequers_temple_overflow_statue_of_worship, kiku_gazebo_pond_becter,
          chequers_garden
D:5:      minmay_diamond_boxcup, layout_layer_cave, minmay_temple_entry_glass
D:6:      layout_rooms, minmay_misc_feat_plants, dk_noncrumbling_4, hex_medium,
          monkooky_shop_mail_order
D:7:      layout_basic, mainiacjoe_overflow_boulevard, serial_shops, shop,
          nicolae_shop_drivethru, enter_bailey_8, sigmund_edmund_badplayer,
          uniq_menkaure
D:8:      layout_loops_corners, minivault_23
D:9:      layout_basic, erik_orc_3, lightli_orcish_oven, uniq_amaemon
D:10:     layout_roguey, chequers_serial_rivers_marsh, minmay_sticks_and_stones,
          uniq_maurice, uniq_harold
D:11:     layout_rooms, dpeg_oklobed_lair, nicolae_diode_stairs
D:12:     evilmike_diamond_1, layout_irregular_city, uniq_fannar
D:13:     layout_roguey, uniq_rupert
D:14:     minmay_shoctagon, layout_long_grid, grunt_vaults_entry_fortified,
          old_standard_altar, serial_rivers, chequers_serial_rivers_small_b,
          chequers_serial_rivers_room_b, chequers_serial_rivers_small_b,
          chequers_serial_rivers_micro_c, serial_shops, shop, shop, uniq_snorg,
          uniq_roxanne

Skill      XL: |  1  2  3  4  5  6  7  8  9 10 11 12 13 |
---------------+----------------------------------------+-----
Armour         | 3 4 5 6 8 9 11 12 13 | 13.6
Dodging        | 2 3 4 5 6 7 |  7.8
Fighting       | 4 5 6 7 8 10 11 12 13 | 13.9
Maces & Flails | 4 5 6 7 9 10 11 12 | 12.7
Shields        | 3 6 8 |  8.8

Action                     |  1- 3 |  4- 6 |  7- 9 | 10-12 | 13-15 || total
---------------------------+-------+-------+-------+-------+-------++-------
  Melee: Mace              |   135 |   140 |   352 |    69 |       ||   696
         Punch             |     1 |       |     3 |     2 |       ||     6
         Flail             |       |       |       |   140 |       ||   140
         Demon whip        |       |       |       |   351 |   336 ||   687
 Invoke: Berserk           |       |       |     5 |     4 |     4 ||    13
         Trog's Hand       |       |       |     3 |     3 |     1 ||     7
         Brothers in Arms  |       |       |       |       |     1 ||     1
    Use: Scroll            |       |    13 |     3 |    10 |     2 ||    28
         Potion            |       |     1 |     3 |       |     3 ||     7
 Armour: Animal skin       |    23 |       |       |       |       ||    23
         Scale mail        |    89 |    44 |       |       |       ||   133
         Chain mail        |       |    94 |   469 |   509 |   383 ||  1455
  Dodge: Dodged            |   102 |    95 |   267 |   250 |   156 ||   870
  Block: Buckler           |       |       |       |    37 |    87 ||   124

Table legend: (Time is in decaauts)
 A = Elapsed time spent in this place.
 B = Non-inter-level travel time spent in this place.
 C = Inter-level travel time spent in this place.
 D = Time resting spent in this place.
 E = Time spent auto-exploring this place.
 F = Levels seen in this place.
 G = Mean time per level.
                   A        B        C        D        E       F      G
               +--------+--------+--------+--------+--------+-----+--------+
         Total |  13882 |  13607 |    275 |   1330 |   9255 |  15 |  925.5 |
       Dungeon |  12992 |  12717 |    275 |   1281 |   8769 |  14 |  928.0 |
        Bailey |    889 |    889 |      0 |     49 |    486 |   1 |  889.0 |
               +--------+--------+--------+--------+--------+-----+--------+

Top non-repeatable levels by time:
    D:11: 1930 daAuts
    D:12: 1612 daAuts
     D:9: 1521 daAuts
     D:7: 1127 daAuts
     D:8: 1065 daAuts
  Bailey: 889 daAuts
     D:5: 885 daAuts
    D:13: 871 daAuts
    D:10: 780 daAuts
     D:6: 630 daAuts
     D:2: 612 daAuts
     D:1: 583 daAuts
    D:14: 563 daAuts
     D:4: 425 daAuts
     D:3: 384 daAuts
